 Dungeon Crawl Stone Soup version 0.17-a0-1583-g2df49ec (webtiles) character file.

149 Timinator the Changer (level 5, -1/33 HPs)
             Began as an Octopode Transmuter on July 28, 2015.
             Slain by Purgy (9 damage)
             ... on level 4 of the Dungeon.
             The game lasted 00:12:52 (3281 turns).

Timinator the Changer (Octopode Transmuter)         Turns: 3281, Time: 00:12:52

Health: -1/33      AC:  1    Str: 11    XL:     5   Next: 31%
Magic:  7/8        EV: 12    Int: 15    God:
Gold:   135        SH:  0    Dex: 12    Spells: 3 memorised, 3 levels left

rFire  . . .     SeeInvis +       - Unarmed
rCold  . . .     Clarity  .     (no shield)
rNeg   . . .     SustAt   .     (helmet restricted)
rPois  .         Gourm    .     (no amulet)
rElec  .         Spirit   .     h - ring of see invisible
rCorr  .         Warding  .     (no ring)
rMut   .         Stasis   .     (no ring)
MR     .....                    (no ring)
Stlth  +++.......               (no ring)
                                (no ring)
                                (no ring)
                                (no ring)

@: starving, not resistant to hostile enchantments, fairly stealthy
A: almost no armour, amphibious, 8 rings, constrict 8, camouflage 1, gelatinous
body 1
a: no special abilities


You were on level 4 of the Dungeon.
You were starving.

You visited 1 branch of the dungeon, and saw 4 of its levels.

You collected 135 gold pieces.

Inventory:

Hand weapons
 q - a -1 spear
Jewellery
 f - an uncursed amulet of resist mutation
 h - a ring of see invisible (left tentacle)
 j - an uncursed amulet of guardian spirit
 l - an uncursed amulet of faith
Scrolls
 e - a scroll of immolation {unknown}
 g - 2 scrolls of recharging
 m - 2 scrolls of enchant armour {unknown}
 n - 3 scrolls of remove curse {unknown}
Potions
 c - a potion of berserk rage {unknown}
 d - 3 potions of curing
 i - a potion of lignification {unknown}
 o - 2 potions of cancellation {unknown}
 r - a potion of brilliance {unknown}
 t - a potion of flight {unknown}
Books
 b - a book of Changes

   Spells                             Type                      Level
   a - Beastly Appendage              Transmutation                1
   b - Sticks to Snakes               Transmutation                2
   c - Spider Form                    Transmutation/Poison         3
   d - Ice Form                       Ice/Transmutation            4
   e - Blade Hands                    Transmutation                5
Comestibles
 k - 3 royal jellies
 p - a fruit
 s - a bread ration


   Skills:
 - Level 1.0 Fighting
 - Level 2.0 Dodging
 - Level 2.2 Stealth
 - Level 3.0 Unarmed Combat
 + Level 2.5 Spellcasting
 * Level 4.6 Transmutations


You had 3 spell levels left.
You knew the following spells:

 Your Spells              Type           Power        Failure   Level  Hunger
a - Beastly Appendage     Trmt           ###...       3%          1    #......
b - Sticks to Snakes      Trmt           ###.......   6%          2    ###....
c - Spider Form           Trmt/Pois      #.........   30%         3    ###....


Dungeon Overview and Level Annotations

Branches:
Dungeon (4/15)
 Temple: D:4-7

Altars:
Elyvilon
Trog
Vehumet

Annotations:
D:3 cmdexe's ghost, average HuFi
D:4 Purgy


Innate Abilities, Weirdness & Mutations

You cannot wear most types of armour.
You are amphibious.
You can wear up to eight rings at the same time.
You can use your tentacles to constrict eight enemies at once.
Your skin changes colour to match your surroundings (Stealth).
Your rubbery body absorbs attacks (AC +1).


Message History

Unknown command.
The hobgoblin throws a javelin.
The javelin hits you.
* * * LOW HITPOINT WARNING * * *
You see here a javelin.
Purgy snarls, "Go!
Away!"
There is an open door here.
Purgy clenches his teeth.
Purgy closely misses you. Purgy claws you but does no damage.
Purgy barely misses you.
Your transformation has ended.
There is an open door here.
Purgy looks around nervously.
You feel better. Purgy bites you.
* * * LOW HITPOINT WARNING * * *
Purgy barely misses you. Purgy misses you.
You tentacle-slap Purgy.
Purgy is lightly wounded.
Purgy hisses menacingly.
Purgy bites you!
You die...

..#..'...#....'..#..#..'......#.+
..'..#...'....#..'..'..#......'.#
..#.###'##....##########......#+#
..#.###.###'#...#############....
..'.....#...'...#...........#....
..#.....'...#...'...........'....
..#..##.##'##...#.###'#######....
.##..##.##.#...##.###.###........
.+.........'...T@..')...+.[......
.#.........#...#...#....#........
.#.........#...#...#....#........
.#.#########...##+###'###........
##.########...............####...
'.........'...............'..'...
#####+##.##...............#.##...
..###.##(####'#....#+###+##.#....
..+...$..'....+....# #.+....


You could see Purgy.

Vanquished Creatures
  A giant frog skeleton (D:4)
  A worker ant (D:4)
  5 adders
  A worm (D:2)
  2 orcs (D:3)
  5 giant cockroaches
  4 goblins
  7 hobgoblins
  A quokka (D:2)
  A ball python (D:3)
  5 bats
  2 giant geckos
  A giant newt (D:1)
  10 kobolds
  9 rats
55 creatures vanquished.

Vanquished Creatures (collateral kills)
  A giant gecko (D:4)
1 creature vanquished.

Vanquished Creatures (others)
  A quokka (D:3)
1 creature vanquished.

Grand Total: 57 creatures vanquished

Notes
Turn   | Place    | Note
--------------------------------------------------------------
     0 | D:1      | Timinator the Octopode Transmuter began the quest for the Orb.
     0 | D:1      | Reached XP level 1. HP: 13/13 MP: 3/3
   175 | D:1      | Reached XP level 2. HP: 13/18 MP: 5/5
   639 | D:2      | Found a radiant altar of Vehumet.
   681 | D:2      | Reached XP level 3. HP: 14/23 MP: 6/6
   979 | D:2      | Reached skill level 1 in Stealth
  1393 | D:2      | Found a faded altar to an unknown god.
  1398 | D:2      | Reached XP level 4. HP: 28/28 MP: 7/7
  1414 | D:2      | Found a bloodstained altar of Trog.
  1665 | D:3      | Found a white marble altar of Elyvilon.
  1715 | D:3      | Reached skill level 4 in Transmutations
  1871 | D:3      | Noticed cmdexe's ghost (average HuFi)
  2182 | D:2      | Learned a level 2 spell: Sticks to Snakes
  2186 | D:2      | Learned a level 3 spell: Spider Form
  2925 | D:4      | Reached XP level 5. HP: 25/33 MP: 2/8
  2963 | D:4      | Noticed Purgy
  3281 | D:4      | Slain by Purgy

Vault maps used:
D:1:      scummos_arrival_gate
D:2:      lemuel_crystal_altar, nicolae_overflow_hidden_temple,
          ecumenical_altar_2
D:3:      elyvilon_altar_4
D:4:      old_standard_altar, lightli_ossuary_entry_decrepit_ruins, uniq_purgy

Action                   |  1- 3 |  4- 6 || total
-------------------------+-------+-------++-------
Melee: Unarmed           |    68 |    51 ||   119
       Spear             |     4 |    29 ||    33
 Cast: Beastly Appendage |     2 |     4 ||     6
       Sticks to Snakes  |       |    12 ||    12
       Spider Form       |       |     2 ||     2
  Use: Potion            |     2 |     1 ||     3
       Scroll            |     2 |       ||     2
 Stab: Sleeping          |     5 |     7 ||    12
       Distracted        |       |     1 ||     1
  Eat: Chunk             |       |     2 ||     2
       Bread ration      |       |     1 ||     1
